 Dungeon Crawl Stone Soup version 0.31-a0-234-gad7ace16ef (webtiles) character file.

Game seed: 10046715593010695208

628349 Querens the Hoplite (level 27, -4/242 HPs)
             Began as a Formicid Fighter on July 10, 2023.
             Was the Champion of the Shining One.
             Killed by divine providence
             ... invoked by a royal mummy
              (12 damage)
             ... on level 1 of the Tomb of the Ancients on July 11, 2023.
             The game lasted 03:11:19 (35029 turns).

Querens the Hoplite (Formicid Fighter)             Turns: 35029, Time: 03:11:19

Health: -4/242     AC: 45    Str: 32    XL:     27
Magic:  13/38      EV:  8    Int: 11    God:    the Shining One [******]
Gold:   4985       SH: 47    Dex: 13    Spells: 26/26 levels left

rFire   + + .        m - +7 executioner's axe (holy)
rCold   + . .        b - +8 tower shield of the Eye-covered God {Slay+5}
rNeg    + + +        y - +12 gold dragon scales
rPois   +            (helmet unavailable)
rElec   +            R - scarf of Parlour Games {repulsion, rElec}
rCorr   +            I - +2 pair of gloves {Str+3}
SInv    +            E - +1 pair of boots {rampage}
Will    ++...        C - amulet of Riokyap {-Cast Rampage rPois Regen+ rCorr} Stlth
                     f - ring "Yxzykeh" {Fire Int-2 Slay+6 SInv Stlth+}
HPRegen 1.40/turn    D - ring "Foggopti" {rC+ rCorr Str-2 Int+3}
MPRegen 0.26/turn

%: no spellcasting, repel missiles, rampage
@: lethally poisoned (-4 -> -7), divinely shielded, glowing
A: permanent stasis, dig shafts and tunnels, antennae 3, four strong arms, sense
surroundings 1, weak 1, no potion heal 1
}: 5/15 runes: barnacled, slimy, silver, abyssal, gossamer
a: Dig, Shaft Self, Renounce Religion, Divine Shield, Cleansing Flame, Summon
Divine Warrior


You were on level 1 of the Tomb of the Ancients.
You worshipped the Shining One.
The Shining One was exalted by your worship.
You visited 12 branches of the dungeon, and saw 53 of its levels.
You visited the Abyss 1 time.
You also visited: Bailey and Ice Cave.

You collected 7365 gold pieces.
You spent 2380 gold pieces at shops.

Inventory:

Hand Weapons
 d - the +8 mithril axe "Arga" {speed, Will+}
   (You found it in a bailey)

   Will:      It increases your willpower.
 m - a +7 executioner's axe of holy wrath (weapon)
Armour
 b - the +8 tower shield of the Eye-covered God (worn) {Slay+5}
   (You took it off a daeva on level 2 of the Depths)

   Slay:      It affects your accuracy & damage with ranged weapons and melee
   (+5).
 y - +12 gold dragon scales (worn)
 z - the +2 shield of Resistance {rF++ rC++ Will++}
   (You found it on level 5 of the Vaults)

   rF:        It greatly protects you from fire.
   rC:        It greatly protects you from cold.
   Will:      It greatly increases your willpower.
 E - a +1 pair of boots of rampaging (worn)
 I - a +2 pair of gloves of strength (worn)
 R - the scarf of Parlour Games (worn) {repulsion, rElec}
   (Okawaru gifted it to you on level 11 of the Dungeon)

   rElec:     It insulates you from electricity.
Jewellery
 a - the ring of Voimigur {rPois rF+ rN+ Str+4}
   (You acquired it on level 1 of the Lair of Beasts)

   [ring of protection from fire]

   Str:       It affects your strength (+4).
   rF:        It protects you from fire.
   rPois:     It protects you from poison.
   rN:        It protects you from negative energy.
 f - the ring "Yxzykeh" (left hand) {Fire Int-2 Slay+6 SInv Stlth+}
   (You found it on level 4 of the Realm of Zot)

   [ring of fire]

   It enhances your fire magic.
   Int:       It affects your intelligence (-2).
   Slay:      It affects your accuracy & damage with ranged weapons and melee
   (+6).
   rF:        It protects you from fire.
   rC:        It makes you vulnerable to cold.
   SInv:      It lets you see invisible.
   Stlth:     It makes you more stealthy.
 C - the amulet of Riokyap (around neck) {-Cast Rampage rPois Regen+ rCorr}
   (You found it on level 5 of the Pits of Slime)

   [amulet of regeneration]

   rPois:     It protects you from poison.
   -Cast:     It prevents spellcasting.
   Regen:     It increases your rate of health regeneration.
   rCorr:     It protects you from acid and corrosion.
   Rampage:   It bestows one free step when moving towards enemies.
 D - the ring "Foggopti" (right hand) {rC+ rCorr Str-2 Int+3}
   (You acquired it on level 11 of the Dungeon)

   [ring of protection from cold]

   Str:       It affects your strength (-2).
   Int:       It affects your intelligence (+3).
   rC:        It protects you from cold.
   rCorr:     It protects you from acid and corrosion.
 L - a ring of flight
 M - the ring "Uwnock" {rElec Str+6}
   (You found it on level 5 of the Pits of Slime)

   [ring of strength]

   Str:       It affects your strength (+6).
   rElec:     It insulates you from electricity.
 P - an amulet of reflection
Wands
 c - a wand of digging (4)
 s - a wand of light (2)
Scrolls
 e - 9 scrolls of immolation
 i - a scroll of enchant armour
 j - 6 scrolls of revelation
 n - 6 scrolls of fear
 w - 7 scrolls of identify
 H - 9 scrolls of fog
 N - 5 scrolls of poison
 S - a scroll of brand weapon
Potions
 g - 18 potions of curing
 h - 3 potions of magic
 k - 4 potions of attraction
 l - 14 potions of heal wounds
 o - a potion of resistance
 q - 5 potions of haste
 t - 3 potions of ambrosia
 v - 5 potions of lignification
 B - 7 potions of enlightenment
 G - 7 potions of invisibility
 J - 6 potions of brilliance
 O - 5 potions of cancellation
 X - 9 potions of might


   Skills:
 + Level 25.2 Fighting
 + Level 24.7 Axes
 + Level 25.2 Armour
 + Level 26.3 Shields
 - Level 22.3 Invocations


You had 26 spell levels left.
You didn't know any spells.
Your spell library contained the following spells:

 Spells                   Type           Power      Damage    Failure   Level
 Kiss of Death            Conj/Necr      0%         2d5       90%         1
 Magic Dart               Conj           0%         1d3       90%         1
 Shock                    Conj/Air       0%         1d3       90%         1
 Slow                     Hex            0%         N/A       90%         1
 Sting                    Tmut/Pois      0%         1d3       90%         1
 Summon Small Mammal      Summ           0%         N/A       90%         1
 Call Imp                 Summ           0%         N/A       97%         2
 Cigotuvi's Dreadful Rot  Necr/Pois/Air  0%         N/A       97%         2
 Ensorcelled Hibernation  Hex/Ice        0%         N/A       97%         2
 Lesser Beckoning         Tloc           0%         N/A       97%         2
 Momentum Strike          Conj/Tloc      0%         3d8       97%         2
 Poisonous Vapours        Pois/Air       0%         N/A       97%         2
 Scorch                   Fire           0%         2d5       97%         2
 Searing Ray              Conj           0%         2d4       97%         2
 Static Discharge         Conj/Air       0%         2-2/arc   97%         2
 Sublimation of Blood     Necr           0%         N/A       97%         2
 Wereblood                Tmut           0%         N/A       97%         2
 Call Canine Familiar     Summ           0%         N/A       99%         3
 Confusing Touch          Hex            0%         N/A       99%         3
 Dazzling Flash           Conj/Hex       0%         N/A       99%         3
 Hailstorm                Conj/Ice       0%         3d3       99%         3
 Ignite Poison            Fire/Tmut/Pois 0%         N/A       99%         3
 Mephitic Cloud           Conj/Pois/Air  0%         N/A       99%         3
 Ozocubu's Armour         Ice            0%         N/A       99%         3
 Portal Projectile        Hex/Tloc       0%         N/A       99%         3
 Spider Form              Tmut/Pois      0%         N/A       99%         3
 Summon Guardian Golem    Hex/Summ       0%         N/A       99%         3
 Tukima's Dance           Hex            0%         N/A       99%         3
 Vampiric Draining        Necr           0%         2d6       99%         3
 Airstrike                Air            0%         2d(0-16)  100%        4
 Anguish                  Hex/Necr       0%         N/A       100%        4
 Animate Armour           Summ/Erth      0%         N/A       100%        4
 Dispel Undead            Necr           0%         3d6       100%        4
 Flame Wave               Conj/Fire      0%         2d4       100%        4
 Fulminant Prism          Conj/Hex       0%         3d5       100%        4
 Ice Form                 Ice/Tmut       0%         N/A       100%        4
 Olgreb's Toxic Radiance  Pois           0%         N/A       100%        4
 Passage of Golubria      Tloc           0%         N/A       100%        4
 Petrify                  Tmut/Erth      0%         N/A       100%        4
 Summon Lightning Spire   Summ/Air       0%         N/A       100%        4
 Agony                    Necr           0%         N/A       100%        5
 Alistair's Intoxication  Tmut/Pois      0%         N/A       100%        5
 Blade Hands              Tmut           0%         N/A       100%        5
 Borgnjor's Vile Clutch   Necr/Erth      0%         N/A       100%        5
 Freezing Cloud           Conj/Ice/Air   0%         6-21      100%        5
 Irradiate                Conj/Tmut      0%         3d11      100%        5
 Metabolic Englaciation   Hex/Ice        0%         N/A       100%        5
 Silence                  Hex/Air        0%         N/A       100%        5
 Summon Forest            Summ/Tloc      0%         N/A       100%        5
 Yara's Violent Unravell  Hex/Tmut       0%         3d3       100%        5
 Eringya's Noxious Bog    Tmut/Pois      0%         4d6       100%        6
 Simulacrum               Ice/Necr       0%         N/A       100%        6
 Statue Form              Tmut/Erth      0%         N/A       100%        6
 Summon Cactus Giant      Summ           0%         N/A       100%        6
 Ozocubu's Refrigeration  Ice            0%         4d7       100%        7
 Storm Form               Tmut/Air       0%         N/A       100%        7
 Summon Hydra             Summ           0%         N/A       100%        7
 Borgnjor's Revivificati  Necr           0%         N/A       100%        8
 Maxwell's Capacitive Co  Air            0%         ∞         100%        8
 Necromutation            Tmut/Necr      0%         N/A       100%        8
 Death's Door             Necr           0%         N/A       100%        9
 Blink                    Tloc           Unusable   N/A       N/A         2
 Swiftness                Air            Unusable   N/A       N/A         3

Dungeon Overview and Level Annotations

Branches:
Dungeon (15/15)            Temple (1/1) D:5            Lair (5/5) D:11
 Shoals (4/4) Lair:3       Spider (4/4) Lair:2        Slime (5/5) Lair:4
    Orc (2/2) D:9             Elf (0/3) Orc:2        Vaults (5/5) D:14
  Crypt (3/3) Vaults:3       Tomb (1/3) Crypt:3      Depths (4/4) D:15
    Zot (4/5) Depths:4     Bailey (visited)           IceCv (visited)

Altars:
Ashenzari
Cheibriados
Dithmenos
Elyvilon
Fedhas
Gozag
Hepliaklqana
Kikubaaqudgha
Makhleb
Nemelex Xobeh
Okawaru
Qazlal
Ru
Sif Muna
Trog
Uskayaw
Vehumet
Wu Jian
Xom
Yredelemnul
Zin
The Shining One
Lugonu

Shops:
D:9 *   D:14 (   Orc:2 [=(*(([   Shoals:2 :!(!   Shoals:3 *   Vaults:2 [

Portals:
Hell: Depths:1 Depths:2 Depths:3 Depths:4
Abyss: Depths:2 Depths:3 Depths:4
Pandemonium: Depths:2 Depths:3
Ziggurat: Depths:4
Trove: Depths:4 (give 2 scrolls of acquirement)

Annotations:
Lair:5 1 runed translucent door, Gargoyl's ghost, journeyman GrBe
Spider:1 3 runed translucent doors, Icics's ghost, journeyman HOFi
Depths:4 6 transporters
Zot:2 2 transporters


Innate Abilities, Weirdness & Mutations

You cannot be hasted, slowed, berserked, paralysed or teleported.
You can dig through walls and to a lower floor.
You have a pair of large antennae on your head. (SInv)
Your four strong arms can wield two-handed weapons with a shield.
You passively map a small area around you.
You are weak. (Str -2)
Potions are less effective at restoring your health.


Message History

Your angel hits the emperor scorpion with a +3 whip of holy wrath!!
The emperor scorpion dies!
The emperor scorpion's corpse disappears in a puff of smoke!
The royal mummy points at you and mumbles some strange words.
Something smites you!
* * * LOW HITPOINT WARNING * * *
Your angel hits the royal mummy with a +2 whip of holy wrath.
The royal mummy convulses.
Your angel hits the royal mummy with a +2 whip of holy wrath!
The royal mummy convulses!
The death scarab misses your angel.
Unknown command.
Unknown command.
Unknown command.
Activating: Cleansing Flame (0% risk of failure)
Press: ? - help, Dir - look around, f - activate The golden flame engulfs you but does no damage.
You resist.
The golden flame engulfs the death scarab!!!
The death scarab writhes in agony!
You destroy the death scarab!
The death scarab's corpse disappears in a puff of smoke!
The golden flame engulfs your angel.
Your angel completely resists.
Your angel is moderately wounded.
The golden flame engulfs your angel.
Your angel completely resists.
The golden flame engulfs the death scarab!!!!
The death scarab writhes in agony!
You destroy the death scarab!
The death scarab's corpse disappears in a puff of smoke!
The golden flame engulfs the royal mummy!!!
The royal mummy writhes in agony!
The royal mummy is heavily damaged.
You are engulfed in dark miasma.
* * * LOW HITPOINT WARNING * * *
You feel very sick. The emperor scorpion stings your angel!
The emperor scorpion claws your angel. x2
The royal mummy points at you and mumbles some strange words.
Something smites you!
You die...

, * , #.8...8.# , ^
#...○...# , {, , {,,*
#..M°9..# , , #.8○M.8.#
, , #zs○....# , ,,,, , {
{ #AM.....# * #○8§..8.#
*
################@A§....#
................)§......
.................8...8..
,
........................
, ,
............††.†........
,
........................
..................⌠.⌠...
,
........................
,
........................


You could see a royal mummy, an emperor scorpion (summoned, ally target), 2
mummy priests, a skeletal warrior, an ushabti and 2 friendly angels.

Vanquished Creatures
  the Royal Jelly (Slime:5)
  A dread lich (Vaults:5)
  An orb of fire (Zot:2)
  2 ancient liches (Vaults:5)
  Mara (Spider:3)
  Bai Suzhen (Vaults:3)
  A Killer Klown (Zot:4)
  4 curse toes
  Margery (Vaults:3)
  A profane servitor (Abyss:5)
  9 golden dragons
  2 doom hounds (Zot:4)
  5 bone dragons
  A hellephant (Abyss:4)
  Jorgrun (Spider:3)
  6 liches
  12 titans
  14 tentacled monstrosities
  9 quicksilver dragons
  Asterion (Vaults:3)
  25 acid blobs
  2 deep elf master archers (Crypt:1)
  Gastronok (Orc:1)
  A kraken (Abyss:5)
  A deep elf blademaster (Crypt:3)
  Polyphemus (Shoals:4)
  Grunn (Zot:4)
  5 tentacled starspawn
  8 ancient champions
  14 sphinxes
  4 death cobs
  2 revenants
  14 shadow dragons
  16 storm dragons
  8 azure jellies (Slime:5)
  6 daevas (Depths:2)
  4 rockslimes
  Donald (Orc:2)
  3 draconian monks
  2 tengu reavers
  9 emperor scorpions
  23 vault wardens
  8 fire giants
  4 draconian knights
  5 draconian scorchers
  7 ghost moths
  11 frost giants
  2 caustic shrike zombies (Crypt:3)
  2 iron dragons (Vaults:5)
  4 draconian shifters
  2 ghouls (Crypt:3)
  A spectral caustic shrike (Crypt:3)
  A curse skull (Crypt:1)
  A cacodemon (Abyss:4)
  2 angels (Depths:2)
  16 quicksilver oozes
  4 draconian annihilators
  2 draconian stormcallers (Zot:3)
  3 broodmothers
  4 spriggan defenders
  A juggernaut skeleton (Crypt:3)
  6 formless jellyfish
  23 ironbound preservers
  15 stone giants
  5 orc warlords
  8 ironbound thunderhulks
  6 green draconians
  A war gargoyle (Vaults:5)
  5 vampire knights
  21 very ugly things
  A deep elf demonologist (Vaults:5)
  8 red draconians
  4 black draconians
  2 deep elf annihilators
  Nessos (Orc:2)
  2 putrid mouths (Zot:4)
  16 dire elephants
  2 bennus (Tomb:1)
  13 purple draconians
  A bunyip (Abyss:4)
  20 yellow draconians
  16 spark wasps
  6 white draconians
  4 eidola (Crypt:1)
  3 deep elf death magi
  A quicksilver dragon zombie (Depths:1)
  13 ettins
  A crystal guardian (Vaults:3)
  5 entropy weavers
  9 jiangshi
  9 merfolk impalers
  15 great orbs of eyes
  A green death (Abyss:4)
  5 fire dragons
  2 mummy priests (Tomb:1)
  15 yaktaur captains
  Harold (Orc:1)
  Josephine (D:13)
  7 deep elf high priests (Vaults:5)
  6 ice dragons
  2 rakshasas (Depths:2)
  A ghost crab (Abyss:5)
  A shambling mangrove (Abyss:5)
  32 vault guards
  A hydra (Lair:4)
  8 ironbound frosthearts
  3 spriggan air magi
  Erolcha (D:11)
  3 merfolk avatars
  4 jorogumos
  2 anacondas (shapeshifter)
  2 peacekeepers
  2 radroaches
  A catoblepas (Shoals:4)
  4 ogre magi
  Erica (Orc:1)
  24 centaur warriors
  An Orb Guardian zombie (Crypt:3)
  2 spriggan skeletons
  A caustic shrike simulacrum (Crypt:3)
  4 merfolk aquamancers (Shoals:4)
  A satyr (Shoals:3)
  The ghost of Gargoyl the Cleaver, a journeyman GrBe of Trog (Lair:1)
  2 dancing weapons (Vaults:5)
  4 tengu warriors
  A death knight (Crypt:1)
  13 two-headed ogres
  5 boulder beetles
  8 deep troll earth magi
  An alligator snapping turtle (Shoals:4)
  15 demonic crawlers
  15 thrashing horrors
  A death scarab (Depths:1)
  8 vampire magi
  8 deep troll shamans
  A spectral dire elephant (Crypt:3)
  2 orc high priests (Orc:2)
  4 death yaks
  A soul eater (Crypt:1)
  A sun demon (Depths:3)
  8 deep elf knights
  9 spriggan berserkers
  19 hell knights
  A storm dragon zombie (Depths:3)
  11 iron trolls
  A sixfirhy (Depths:3)
  6 wretched stars
  A titan skeleton (Depths:2)
  3 sun moths
  6 skysharks
  2 cherubim (Depths:2)
  15 sea snakes
  2 shadow wraiths
  2 glowing orange brains
  A sea snake (shapeshifter) (Vaults:3)
  A swamp dragon (Vaults:2)
  A storm dragon skeleton (Vaults:3)
  A spark wasp zombie (Depths:3)
  2 spectral bunyips (Crypt:3)
  6 pharaoh ants
  10 skeletal warriors
  An anaconda zombie (Crypt:3)
  2 bunyip skeletons (Crypt:3)
  A fire crab (Abyss:5)
  3 flayed ghosts
  A spriggan simulacrum (Crypt:1)
  7 orb spiders
  2 bunyip zombies (Crypt:3)
  55 deep trolls
  8 wizards
  7 deep elf pyromancers
  10 lindwurms
  12 necromancers
  A spectral iron dragon (Crypt:3)
  13 harpies
  8 deep elf archers
  15 ironbound convokers
  7 orc knights
  8 steelbarb worms
  2 deep elf zephyrmancers (Crypt:3)
  13 phantasmal warriors
  37 ugly things
  2 shadow dragon skeletons
  5 orc sorcerers (Orc:2)
  A tengu zombie (Depths:3)
  3 cyclopes
  37 wolf spiders
  15 manticores
  A frost giant zombie (Depths:2)
  2 tengu skeletons (Vaults:3)
  A faun (Shoals:2)
  5 shining eyes
  An oklob plant (Zot:3)
  2 worldbinders (Abyss:4)
  25 moths of wrath
  6 elephants
  2 iron dragon skeletons
  5 smoke demons
  5 black mambas
  2 apocalypse crabs (Abyss:5)
  A naga zombie (Crypt:3)
  8 merfolk sirens
  23 vault sentinels
  A guardian serpent (Vaults:2)
  4 elf skeletons
  5 human skeletons (Vaults:3)
  93 slime creatures
  3 ice statues (IceCv)
  An eye of devastation (Vaults:2)
  2 water nymphs
  2 frost giant skeletons
  2 gargoyles
  A centaur skeleton (Crypt:1)
  9 torpor snails
  18 cane toads
  2 efreet
  9 rime drakes
  10 komodo dragons
  7 unseen horrors (Depths:3)
  43 yaktaurs
  3 anaconda simulacra
  A tormentor (Depths:3)
  3 tengu conjurers (D:13)
  7 freezing wraiths
  2 ancient zymes (Abyss:4)
  3 guardian mummies (Tomb:1)
  4 harpy zombies (Shoals:4)
  A bunyip simulacrum (Crypt:3)
  2 yaktaur skeletons (Vaults:3)
  27 merfolk
  A golden dragon simulacrum (Depths:1)
  6 polar bears
  6 trolls
  6 meliai
  A hydra zombie (Crypt:3)
  A spectral harpy (Crypt:3)
  2 harpy skeletons
  A shadow dragon simulacrum (Depths:2)
  17 hornets
  11 wind drakes
  A tarantella (shapeshifter) (Vaults:5)
  A hellwing (Depths:3)
  28 tarantellas
  14 blink frogs
  A stone giant simulacrum (Crypt:3)
  A satyr zombie (Crypt:1)
  8 snapping turtles
  19 dream sheep
  A boulder beetle zombie (Crypt:1)
  A fire dragon zombie (Crypt:1)
  10 flying skulls
  27 jumping spiders
  A black mamba zombie (Crypt:3)
  2 shadows
  5 vampires
  11 wraiths
  A ynoxinul (Abyss:4)
  2 dire elephant simulacra
  An ushabti (Tomb:1)
  A basilisk (shapeshifter) (D:15)
  20 culicivoras
  9 spriggans
  A naga simulacrum (Crypt:1)
  18 water elementals
  28 yaks
  6 basilisks
  A golden eye (shapeshifter) (D:11)
  6 golden eyes (Slime:5)
  An orc simulacrum (Crypt:3)
  9 wyverns
  A human (shapeshifter) (D:7)
  A black mamba skeleton (Crypt:3)
  A death yak simulacrum (IceCv)
  A redback simulacrum (D:15)
  3 fire elementals
  2 neqoxecs (Abyss:4)
  64 redbacks
  A steam dragon (D:8)
  A vampire mosquito (D:7)
  2 harpy simulacra (Crypt:3)
  A glowing shapeshifter zombie (Crypt:1)
  8 large abominations
  6 acid dragons
  A faun zombie (Crypt:1)
  4 wargs
  A floating eye (Depths:2)
  17 water moccasins
  Duvessa (D:7)
  A hydra simulacrum (IceCv)
  2 ice beasts
  2 sky beasts (D:7)
  A hornet zombie (Crypt:1)
  2 two-headed ogre skeletons
  A manticore zombie (Shoals:4)
  41 orc warriors
  A boggart (Vaults:1)
  4 black bears
  26 wolves
  16 centaurs
  15 ogres
  3 kobold brigands
  11 bullfrogs
  2 necrophages (Crypt:3)
  A scorpion (D:5)
  Dowan (D:7)
  9 wights
  3 small abominations
  10 killer bees (D:9)
  An elephant simulacrum (IceCv)
  7 howler monkeys
  13 electric eels
  11 orc priests
  6 hounds
  22 jellies
  2 starcursed masses (Abyss:4)
  2 iron imps
  2 sleepcaps (D:6)
  6 iguanas
  16 orc wizards
  3 polar bear simulacra (IceCv)
  A boggart skeleton (Crypt:1)
  A wolf simulacrum (IceCv)
  An acid dragon skeleton (Crypt:3)
  4 mummies (Tomb:1)
  6 gnolls (Bailey)
  9 adders
  5 white imps
  A worm zombie (Crypt:1)
  A worm (D:5)
  A worm (shapeshifter) (D:15)
  4 dart slugs
  69 orcs
  9 ball pythons
  A bat zombie (Shoals:4)
  10 endoplasms
  3 giant cockroaches
  19 hobgoblins
  7 jackals
  14 kobolds
  2 quokkas (D:2)
  7 bats
  2 frilled lizards
  17 goblins
  A goblin skeleton (D:6)
  A hobgoblin skeleton (Crypt:3)
  A hobgoblin zombie (D:6)
  A kobold zombie (D:6)
  2 orc skeletons
  An orc zombie (D:6)
  7 rats
  A butterfly (Lair:5)
  3 spectral weapons (Vaults:3)
  8 starspawn tentacles
  3 tentacles (Abyss:5)
2384 creatures vanquished.

Vanquished Creatures (collateral kills)
  A mummy (Tomb:1)
1 creature vanquished.

Vanquished Creatures (others)
  A rakshasa (D:15)
  4 vault guards (Vaults:5)
  A wizard (Vaults:4)
  An ugly thing (Vaults:5)
  A centaur zombie (Crypt:3)
  A lurking horror (Abyss:4)
  16 starspawn tentacles
  5 tentacles (Abyss:5)
30 creatures vanquished.

Grand Total: 2415 creatures vanquished

Notes
Turn   | Place    | Note
-------+----------+-------------------------------------------
     0 | D:1      | Querens the Formicid Fighter began the quest for the Orb.
     0 | D:1      | Reached XP level 1. HP: 18/18 MP: 1/1
    68 | D:1      | Reached XP level 2. HP: 19/24 MP: 2/2
   334 | D:1      | Reached XP level 3. HP: 29/29 MP: 3/3
  1380 | D:3      | Reached XP level 4. HP: 37/37 MP: 4/4
  1538 | D:3      | Reached skill level 5 in Shields
  1538 | D:3      | Reached XP level 5. HP: 23/42 MP: 5/5
  1688 | D:3      | Found a hazy altar of Hepliaklqana.
  1988 | D:4      | Reached XP level 6. HP: 47/49 MP: 6/6
  2021 | D:4      | Found a white marble altar of Elyvilon.
  2082 | D:4      | Found a hide-covered altar of Uskayaw.
  2120 | D:4      | Found a stormy altar of Qazlal.
  2345 | D:5      | Entered Level 5 of the Dungeon
  2347 | D:5      | Found a staircase to the Ecumenical Temple.
  2353 | Temple   | Entered the Ecumenical Temple
  2377 | Temple   | Became a worshipper of Warmaster Okawaru
  2497 | D:5      | Noticed an ogre
  2580 | D:5      | Noticed an ogre
  2689 | D:5      | Killed an ogre
  2690 | D:5      | Reached skill level 5 in Fighting
  2690 | D:5      | Reached skill level 6 in Shields
  2690 | D:5      | Reached XP level 7. HP: 53/56 MP: 7/7
  2940 | D:5      | Reached * piety under Okawaru
  2941 | D:5      | Reached skill level 5 in Armour
  3076 | D:5      | Reached XP level 8. HP: 42/63 MP: 8/8
  3101 | D:5      | Got the Discursus on Percussion and Terrain
  3139 | D:5      | Reached ** piety under Okawaru
  3140 | D:5      | Reached skill level 7 in Shields
  3332 | D:6      | Found a glowing golden altar of the Shining One.
  3371 | D:6      | Found an ancient bone altar of Kikubaaqudgha.
  3379 | D:6      | Reached skill level 5 in Axes
  3427 | D:6      | HP: 1/65 [ice beast (11)]
  3438 | D:6      | Found a shadowy altar of Dithmenos.
  3459 | D:6      | Reached XP level 9. HP: 48/71 MP: 9/9
  3487 | D:6      | Reached skill level 8 in Shields
  3503 | D:6      | Reached *** piety under Okawaru
  3759 | D:7      | Noticed a hornet
  3768 | D:7      | Killed a hornet
  3769 | D:7      | Reached skill level 9 in Shields
  3815 | D:7      | Found a flagged portal.
  3824 | Bailey   | Entered a bailey
  3847 | Bailey   | Noticed an orc knight
  3858 | Bailey   | Killed an orc knight
  3858 | Bailey   | Reached **** piety under Okawaru
  3859 | Bailey   | Reached XP level 10. HP: 80/80 MP: 7/10
  3899 | Bailey   | Reached skill level 1 in Invocations
  3908 | Bailey   | Noticed an orc knight
  3920 | Bailey   | Killed an orc knight
  3925 | Bailey   | Reached skill level 10 in Shields
  4276 | Bailey   | Noticed an orc warlord
  4290 | Bailey   | Killed an orc warlord
  4309 | Bailey   | Found the +8 mithril axe "Arga" {speed, Will+}
  4794 | D:7      | Noticed Dowan
  4794 | D:7      | Noticed Duvessa
  4796 | D:7      | Killed Dowan
  4801 | D:7      | Killed Duvessa
  4926 | D:7      | Reached XP level 11. HP: 53/89 MP: 14/14
  5039 | D:7      | Reached ***** piety under Okawaru
  5054 | D:7      | Reached skill level 11 in Shields
  5161 | D:7      | Reached skill level 5 in Invocations
  5588 | D:8      | Found a basalt altar of Yredelemnul.
  5711 | D:9      | Found an opulent altar of Gozag.
  5947 | D:9      | Received a gift from Okawaru
  6058 | D:9      | Found a staircase to the Orcish Mines.
  6088 | D:9      | Found Ixkaxon's General Store.
  6120 | D:9      | Bought a scroll of poison for 52 gold pieces
  6120 | D:9      | Bought a potion of invisibility for 104 gold pieces
  6168 | D:9      | Identified the +0 pair of gloves "Dorurug" {Str+2 Stlth+}
                  | (Okawaru gifted it to you on level 9 of the Dungeon)
  6168 | D:9      | Received a gift from Okawaru
  6339 | D:10     | Entered Level 10 of the Dungeon
  6542 | D:10     | Noticed a two-headed ogre
  6549 | D:10     | Killed a two-headed ogre
  6550 | D:10     | Reached skill level 10 in Fighting
  6550 | D:10     | Reached skill level 10 in Armour
  6621 | D:10     | Found a blossoming altar of Fedhas.
  6826 | D:11     | Noticed a two-headed ogre
  6866 | D:11     | Identified the +0 chain mail "Offeel" {Int+6 Dex+2}
  6905 | D:11     | Noticed a cyclops
  6914 | D:11     | Killed a cyclops
  6915 | D:11     | Reached skill level 12 in Shields
  6915 | D:11     | Reached XP level 12. HP: 65/97 MP: 17/17
  7044 | D:11     | Noticed a boulder beetle
  7065 | D:11     | Killed a boulder beetle
  7224 | D:11     | Found a staircase to the Lair.
  7243 | D:11     | Killed a two-headed ogre
  7284 | D:11     | Noticed Erolcha
  7295 | D:11     | Killed Erolcha
  7374 | D:11     | Found a runed translucent gate.
  7374 | D:11     | Noticed a death yak
  7375 | D:11     | Found a runed translucent gate.
  7375 | D:11     | Found a runed translucent gate.
  7375 | D:11     | Noticed a death yak
  7379 | D:11     | Acquired the ring "Foggopti" {rC+ rCorr Str-2 Int+3}
  7429 | D:11     | Killed a death yak
  7434 | D:11     | Killed a death yak
  7439 | D:11     | Reached ****** piety under Okawaru
  7439 | D:11     | Identified the scarf of Parlour Games {repulsion, rElec}
                  | (Okawaru gifted it to you on level 11 of the Dungeon)
  7439 | D:11     | Received a gift from Okawaru
  7443 | D:11     | Reached skill level 13 in Shields
  7453 | D:11     | Reached skill level 10 in Axes
  7549 | Orc:1    | Entered Level 1 of the Orcish Mines
  7563 | Orc:1    | Reached XP level 13. HP: 98/106 MP: 19/19
  7780 | Orc:2    | Entered Level 2 of the Orcish Mines
  7795 | Orc:2    | Found a staircase to the Elven Halls.
  7813 | Orc:2    | Found Umiseub's Antique Weapon Shop.
  7877 | Orc:2    | Noticed an orc warlord
  8115 | Orc:2    | Found Wimemuc's Antique Armour Shoppe.
  8373 | Orc:2    | Noticed Nessos
  8387 | Orc:2    | Killed Nessos
  8425 | Orc:2    | Killed an orc warlord
  8432 | Orc:2    | Found Leg Iczo's Jewellery Emporium.
  8479 | Orc:2    | Found Numas's General Store.
  8498 | Orc:2    | Found Koloisk's Antique Weapon Boutique.
  8502 | Orc:2    | Noticed Donald
  8517 | Orc:2    | Killed Donald
  8518 | Orc:2    | Reached skill level 14 in Shields
  8530 | Orc:2    | Found Quisev's Weapon Shop.
  8536 | Orc:2    | Found Gejej's Antique Armour Emporium.
  8667 | Orc:2    | Received a gift from Okawaru
  8678 | Orc:2    | Reached skill level 10 in Invocations
  8736 | Orc:1    | Noticed Gastronok
  8736 | Orc:1    | Noticed Erica
  8880 | Orc:1    | Killed Gastronok
  8880 | Orc:1    | Received a gift from Okawaru
  8885 | Orc:1    | Killed Erica
  8979 | Orc:1    | Noticed Harold
  8990 | Orc:1    | Killed Harold
  8991 | Orc:1    | Reached XP level 14. HP: 115/115 MP: 21/21
  9134 | Lair:1   | Entered Level 1 of the Lair of Beasts
  9516 | Lair:1   | Found a large runed translucent door.
  9516 | Lair:1   | Found a large runed translucent door.
  9520 | Lair:1   | Noticed Gargoyl's ghost (journeyman GrBe)
  9531 | Lair:1   | Killed Gargoyl's ghost
  9581 | Lair:1   | Received a gift from Okawaru
  9596 | Lair:1   | Acquired the ring of Voimigur {rPois rF+ rN+ Str+4}
  9866 | Lair:2   | Found a frozen archway.
  9935 | Lair:2   | Found a hole to the Spider Nest.
  9952 | Lair:2   | Reached skill level 15 in Shields
 10002 | IceCv    | Entered an ice cave
 10764 | Lair:3   | Received a gift from Okawaru
 10872 | Lair:3   | Found a staircase to the Shoals.
 10998 | Lair:4   | Found a staircase to the Slime Pits.
 11236 | Lair:4   | Reached XP level 15. HP: 119/124 MP: 23/23
 11387 | Lair:5   | Entered Level 5 of the Lair of Beasts
 11586 | Lair:5   | Identified the +7 broad axe of the Tundras {drain, Will+}
                  | (Okawaru gifted it to you on level 5 of the Lair of Beasts)
 11586 | Lair:5   | Received a gift from Okawaru
 11679 | Lair:5   | Reached skill level 16 in Shields
 11833 | Lair:5   | Received a gift from Okawaru
 12024 | Lair:5   | Found a runed translucent door.
 12027 | Lair:5   | Noticed Gargoyl's ghost (journeyman GrBe)
 12126 | Spider:1 | Entered Level 1 of the Spider Nest
 12173 | Spider:1 | Acquired the +11 crystal plate armour of Kleptomania {-Cast
                  | Rampage rF+}
 12304 | Spider:1 | Identified the +0 kite shield "Ujuss" {rF+ Will- rCorr}
                  | (Okawaru gifted it to you on level 1 of the Spider Nest)
 12304 | Spider:1 | Received a gift from Okawaru
 12351 | Spider:1 | Found a runed translucent gate.
 12352 | Spider:1 | Found a runed translucent gate.
 12352 | Spider:1 | Found a runed translucent gate.
 12353 | Spider:1 | Noticed Icics's ghost (journeyman HOFi)
 12408 | Spider:1 | Reached XP level 16. HP: 68/133 MP: 22/25
 12424 | Spider:1 | Acquired a +4 vampiric battleaxe
 12689 | Spider:2 | Reached skill level 17 in Shields
 12696 | Spider:2 | Noticed an emperor scorpion
 12752 | Spider:2 | Killed an emperor scorpion
 12895 | Spider:2 | Received a gift from Okawaru
 13011 | Spider:2 | Noticed an emperor scorpion
 13033 | Spider:2 | Killed an emperor scorpion
 13193 | Spider:3 | Noticed Jorgrun
 13205 | Spider:3 | Killed Jorgrun
 13212 | Spider:3 | Received a gift from Okawaru
 13228 | Spider:3 | Reached skill level 15 in Fighting
 13233 | Spider:3 | Reached skill level 15 in Armour
 13244 | Spider:3 | Noticed Mara
 13270 | Spider:3 | Killed Mara
 13271 | Spider:3 | Reached XP level 17. HP: 110/142 MP: 27/27
 13721 | Spider:3 | Identified the +1 plate armour of the Cicada {rF+ rC+
                  | Str+4} (Okawaru gifted it to you on level 3 of the Spider
                  | Nest)
 13721 | Spider:3 | Received a gift from Okawaru
 14010 | Spider:4 | Entered Level 4 of the Spider Nest
 14030 | Spider:4 | Reached skill level 18 in Shields
 14082 | Spider:4 | Gained mutation: You have hidden genetic defects.
                  | [mutagenic glow]
 14100 | Spider:3 | Gained mutation: You occasionally lose the ability to read
                  | scrolls when taking damage. [mutagenic glow]
 14349 | Spider:4 | Gained mutation: You are dopey. (Int -2) [hidden defects]
 14557 | Spider:4 | Lost mutation: You occasionally lose the ability to read
                  | scrolls when taking damage. [potion of mutation]
 14557 | Spider:4 | Lost mutation: You have hidden genetic defects. [potion of
                  | mutation]
 14557 | Spider:4 | Lost mutation: You are dopey. (Int -2) [potion of mutation]
 14557 | Spider:4 | Gained mutation: You are frail. (-10% HP) [potion of
                  | mutation]
 14557 | Spider:4 | Gained mutation: Your muscles are strong. (Str +4, Int/Dex
                  | -1) [potion of mutation]
 14557 | Spider:4 | Gained mutation: Your flesh is cold resistant. (rC+)
                  | [potion of mutation]
 14588 | Spider:4 | Reached skill level 15 in Invocations
 14622 | Spider:4 | Identified the +0 kite shield "Gexkum" {Str+2 Slay+2}
                  | (Okawaru gifted it to you on level 4 of the Spider Nest)
 14622 | Spider:4 | Received a gift from Okawaru
 14663 | Spider:4 | Reached XP level 18. HP: 135/135 MP: 29/29
 14870 | Spider:4 | Reached skill level 19 in Shields
 14885 | Spider:4 | Got a gossamer rune of Zot
 14894 | Spider:4 | Identified the +0 pair of boots "Izianty" {Dex+4 SInv}
 15026 | Shoals:1 | Entered Level 1 of the Shoals
 15549 | Shoals:2 | Reached skill level 15 in Axes
 15616 | Shoals:2 | Identified the +4 scale mail "Imopat" {rF+ rC++ rN+ MP+9}
 15733 | Shoals:2 | Found Dinaer's Vocational Training.
 15743 | Shoals:2 | Bought a manual of Invocations for 1360 gold pieces
 15746 | Shoals:2 | Found Jyefrunk's Antique Weapon Boutique.
 15777 | Shoals:2 | Found Xifou's Distillery.
 15794 | Shoals:2 | Found Yryejyj's Distillery.
 15800 | Shoals:2 | Bought 2 potions of mutation for 288 gold pieces
 15800 | Shoals:2 | Bought a potion of cancellation for 144 gold pieces
 15800 | Shoals:2 | Bought a potion of invisibility for 144 gold pieces
 15800 | Shoals:2 | Bought a potion of cancellation for 144 gold pieces
 15809 | Shoals:2 | Bought a potion of brilliance for 72 gold pieces
 15809 | Shoals:2 | Bought a potion of might for 72 gold pieces
 15937 | Shoals:3 | Found Wialatz's General Store.
 16093 | Shoals:3 | Received a gift from Okawaru
 16235 | Shoals:4 | Entered Level 4 of the Shoals
 16312 | Shoals:4 | Noticed Polyphemus
 16336 | Shoals:4 | Killed Polyphemus
 16355 | Shoals:4 | Identified the +10 dagger "Tormentor" {drain, rElec Will+
                  | Str+6 Dex-4}
 16532 | Shoals:4 | Identified the +9 battleaxe of the Final Decision {heavy,
                  | rF+ Dex+3} (Okawaru gifted it to you on level 4 of the
                  | Shoals)
 16532 | Shoals:4 | Received a gift from Okawaru
 16606 | Shoals:4 | Reached XP level 19. HP: 144/144 MP: 24/30
 16627 | Shoals:4 | Got a barnacled rune of Zot
 16655 | Shoals:4 | Reached skill level 20 in Shields
 16752 | Shoals:4 | Identified the +2 tower shield "Teitoph" {+Blink Str+2
                  | Dex+2} (Okawaru gifted it to you on level 4 of the Shoals)
 16752 | Shoals:4 | Received a gift from Okawaru
 16762 | Shoals:4 | Identified the +4 plate armour of Okawaru's Hope {Slay+3}
 17751 | D:13     | Noticed Josephine
 17757 | D:13     | Killed Josephine
 18283 | D:13     | Found a sparkling altar of Nemelex Xobeh.
 18795 | D:14     | Found Epyov's Antique Weapon Emporium.
 18946 | D:14     | Found a stormy altar of Qazlal.
 19111 | D:14     | Found a gate to the Vaults.
 19119 | Vaults:1 | Entered Level 1 of the Vaults
 19317 | Vaults:1 | Identified the +0 plate armour of Rotten Liberty {*Slow
                  | rF+++ rC- Str+5}
 19382 | Vaults:1 | Received a gift from Okawaru
 19413 | Vaults:1 | Noticed a titan
 19421 | Vaults:1 | Reached XP level 20. HP: 153/153 MP: 23/31
 19422 | Vaults:1 | Reached skill level 21 in Shields
 19611 | Vaults:1 | Identified the +2 war axe of Itoi {freeze, rF+ Will+ Str+2
                  | Dex-5} (Okawaru gifted it to you on level 1 of the Vaults)
 19611 | Vaults:1 | Received a gift from Okawaru
 20137 | Vaults:2 | Identified the +5 hand axe of Okawaru's Favour {flame,
                  | Fragile rElec Str+3 Dex+2} (Okawaru gifted it to you on
                  | level 2 of the Vaults)
 20137 | Vaults:2 | Received a gift from Okawaru
 20201 | Vaults:2 | Identified the +3 broad axe of Spite {venom, rF+++ Will-
                  | MP+9 Dex-2}
 20380 | Vaults:2 | Reached skill level 22 in Shields
 20382 | Vaults:2 | Reached XP level 21. HP: 140/161 MP: 32/32
 20577 | Vaults:2 | Received a gift from Okawaru
 20623 | Vaults:2 | Found Susyej's Armour Emporium.
 21298 | Vaults:3 | Identified the +3 robe of the Ward {rPois rN+ Str+2}
                  | (Okawaru gifted it to you on level 3 of the Vaults)
 21298 | Vaults:3 | Received a gift from Okawaru
 21308 | Vaults:3 | Noticed Margery
 21333 | Vaults:3 | Killed Margery
 21407 | Abyss:2  | Cast into level 2 of the Abyss (a wizard)
 21571 | Abyss:4  | Reached XP level 22. HP: 133/133 MP: 33/33
 21571 | Abyss:4  | Noticed a bone dragon
 21591 | Abyss:4  | Killed a bone dragon
 21675 | Abyss:4  | Identified the +4 broad axe "Bos Inna" {freeze, rPois
                  | rCorr} (Okawaru gifted it to you on level 4 of the Abyss)
 21675 | Abyss:4  | Received a gift from Okawaru
 21736 | Abyss:4  | Found a transporter.
 22012 | Abyss:5  | Found a corrupted altar of Lugonu.
 22019 | Abyss:5  | Noticed a profane servitor
 22051 | Abyss:5  | Killed a profane servitor
 22108 | Abyss:5  | Identified the +5 scale mail of Histrionic Contentment {rN+
                  | Str-2 Dex+4} (Okawaru gifted it to you on level 5 of the
                  | Abyss)
 22108 | Abyss:5  | Received a gift from Okawaru
 22138 | Abyss:5  | Got an abyssal rune of Zot
 22155 | Vaults:3 | Escaped the Abyss
 22190 | Vaults:3 | Noticed Asterion
 22200 | Vaults:3 | Killed Asterion
 22382 | Vaults:3 | Noticed Bai Suzhen
 22397 | Vaults:3 | Killed Bai Suzhen
 22997 | Vaults:3 | Found a staircase to the Crypt.
 23109 | Vaults:4 | Reached XP level 23. HP: 180/180 MP: 32/34
 23113 | Vaults:4 | Received a gift from Okawaru
 23913 | Vaults:5 | Entered Level 5 of the Vaults
 23923 | Vaults:5 | Identified the +8 war axe of Defiance {flame, Will- Str+8
                  | SInv Stlth+} (Okawaru gifted it to you on level 5 of the
                  | Vaults)
 23923 | Vaults:5 | Received a gift from Okawaru
 23940 | Vaults:5 | Noticed an ancient lich
 23965 | Vaults:5 | Killed an ancient lich
 23989 | Vaults:5 | Noticed a golden dragon
 23992 | Vaults:5 | Noticed a dread lich
 23996 | Vaults:5 | Identified the +9 ring mail of the Pirate {Int+2} (Okawaru
                  | gifted it to you on level 5 of the Vaults)
 23996 | Vaults:5 | Received a gift from Okawaru
 24025 | Vaults:5 | Killed a golden dragon
 24032 | Vaults:5 | Killed a dread lich
 24086 | Vaults:5 | Reached XP level 24. HP: 189/189 MP: 34/34
 24090 | Vaults:5 | Noticed an ancient lich
 24119 | Vaults:5 | Killed an ancient lich
 24365 | Vaults:5 | Received a gift from Okawaru
 24476 | Vaults:5 | Identified the +1 morningstar "Goreasel" {flame, rElec
                  | Str-3 Int+5}
 24517 | Vaults:5 | Identified the +7 orcbow of Suyf Odu {freeze, rC- rN+
                  | Stlth+}
 24517 | Vaults:5 | Found the +2 shield of Resistance {rF++ rC++ Will++}
 24578 | Vaults:5 | Identified the +6 war axe of Jowoytei {vamp, rElec}
 24716 | Vaults:5 | Got a silver rune of Zot
 25054 | Slime:1  | Entered Level 1 of the Pits of Slime
 25193 | Slime:5  | Entered Level 5 of the Pits of Slime
 25228 | Slime:5  | Gained mutation: Your spells are a little easier to cast,
                  | but a little less powerful. [a shining eye]
 25231 | Slime:5  | Gained mutation: You are clumsy. (Dex -2) [a shining eye]
 25546 | Slime:5  | Reached XP level 25. HP: 195/195 MP: 34/37
 25674 | Slime:5  | Noticed the Royal Jelly
 25690 | Slime:5  | Killed the Royal Jelly
 25690 | Slime:5  | Identified the +10 hand axe "Huloh" {holy, rN++ MP+9 Int-4}
                  | (Okawaru gifted it to you on level 5 of the Pits of Slime)
 25690 | Slime:5  | Received a gift from Okawaru
 25736 | Slime:5  | Gained mutation: You have hidden genetic defects. [a
                  | shining eye]
 25744 | Slime:5  | Found the +13 scythe of Curses {drain, curses, Drain}
 25757 | Slime:5  | Lost mutation: Your muscles are strong. (Str +4, Int/Dex
                  | -1) [potion of mutation]
 25757 | Slime:5  | Lost mutation: Your spells are a little easier to cast, but
                  | a little less powerful. [potion of mutation]
 25757 | Slime:5  | Gained mutation: You occasionally lose the ability to read
                  | scrolls when taking damage. [potion of mutation]
 25757 | Slime:5  | Gained mutation: Your system is resistant to poisons.
                  | (rPois) [potion of mutation]
 25758 | Slime:5  | Lost mutation: You occasionally lose the ability to read
                  | scrolls when taking damage. [potion of mutation]
 25758 | Slime:5  | Lost mutation: Your system is resistant to poisons. (rPois)
                  | [potion of mutation]
 25758 | Slime:5  | Gained mutation: You are dopey. (Int -2) [potion of
                  | mutation]
 25759 | Slime:5  | Lost mutation: Your flesh is cold resistant. (rC+) [potion
                  | of mutation]
 25759 | Slime:5  | Lost mutation: You are dopey. (Int -2) [potion of mutation]
 25759 | Slime:5  | Lost mutation: You are frail. (-10% HP) [potion of
                  | mutation]
 25759 | Slime:5  | Gained mutation: You occasionally lose the ability to drink
                  | potions when taking damage. [potion of mutation]
 25759 | Slime:5  | Gained mutation: You do not regenerate when monsters are
                  | visible. [potion of mutation]
 25759 | Slime:5  | Gained mutation: Your muscles are strong. (Str +4, Int/Dex
                  | -1) [potion of mutation]
 25759 | Slime:5  | Lost mutation: You have hidden genetic defects. [potion of
                  | mutation]
 25760 | Slime:5  | Lost mutation: You are clumsy. (Dex -2) [potion of
                  | mutation]
 25760 | Slime:5  | Lost mutation: You do not regenerate when monsters are
                  | visible. [potion of mutation]
 25760 | Slime:5  | Lost mutation: You occasionally lose the ability to drink
                  | potions when taking damage. [potion of mutation]
 25760 | Slime:5  | Lost mutation: Your muscles are strong. (Str +4, Int/Dex
                  | -1) [potion of mutation]
 25760 | Slime:5  | Gained mutation: You are weak. (Str -2) [potion of
                  | mutation]
 25760 | Slime:5  | Gained mutation: You passively map a small area around you.
                  | [potion of mutation]
 25769 | Slime:5  | Identified the amulet of Riokyap {-Cast Rampage rPois
                  | Regen+ rCorr}
 25771 | Slime:5  | Identified the ring "Cenurph" {Will+ Str+6}
 25780 | Slime:5  | Identified the staff of the Dancing Gods {Contam Fly rElec
                  | rC+ Will++ Int+3 Ice}
 25790 | Slime:5  | Identified the +4 robe of the Disbelieving Gods {+Blink}
 25791 | Slime:5  | Identified the ring "Uwnock" {rElec Str+6}
 25811 | Slime:5  | Got a slimy rune of Zot
 25812 | Slime:5  | Identified the staff of Desperation {Fragile rElec rF+
                  | Stlth+ Air}
 25813 | Slime:5  | Identified the staff "Keilidd" {Fly rPois rF+ Dex-5 Poison}
 26115 | D:15     | Entered Level 15 of the Dungeon
 26629 | D:15     | Found a staircase to the Depths.
 26657 | Depths:1 | Entered Level 1 of the Depths
 26856 | Depths:1 | Found a gateway to Hell.
 27050 | Depths:1 | Found an ancient bone altar of Kikubaaqudgha.
 27442 | Depths:2 | Found an ancient bone altar of Kikubaaqudgha.
 27469 | Depths:2 | Identified the +7 broad axe "Effourob" {speed, rN+}
                  | (Okawaru gifted it to you on level 2 of the Depths)
 27469 | Depths:2 | Received a gift from Okawaru
 27518 | Depths:2 | Identified the +8 tower shield of the Eye-covered God
                  | {Slay+5}
 27811 | Depths:2 | Found a one-way gate to the infinite horrors of the Abyss.
 27988 | Depths:2 | Found a one-way gate leading to the halls of Pandemonium.
 28048 | Depths:2 | Received a gift from Okawaru
 28057 | Depths:2 | Reached XP level 26. HP: 226/226 MP: 38/38
 28167 | Depths:2 | Found an ornate altar of the Wu Jian Council.
 28320 | Depths:3 | Found a snail-covered altar of Cheibriados.
 28424 | Depths:3 | Reached skill level 23 in Shields
 28424 | Depths:3 | Received a gift from Okawaru
 28688 | Depths:3 | Identified the +10 dagger "Arcanum" {vamp, *Noise rC+ Dex+5
                  | Stlth-}
 28910 | Depths:4 | Entered Level 4 of the Depths
 28932 | Depths:4 | Found a broken altar of Ashenzari.
 28997 | Depths:4 | Found a portal to a secret trove of treasure.
 29056 | Depths:4 | Found a corrupted altar of Lugonu.
 29419 | Depths:4 | Found a transporter.
 29463 | Depths:4 | Found a transporter.
 29598 | Depths:4 | Found a transporter.
 29635 | Depths:4 | Found a transporter.
 29769 | Depths:4 | Found a gate to the Realm of Zot.
 29809 | Depths:4 | Found a one-way gateway to a ziggurat.
 29837 | Depths:4 | Identified the +3 ring mail of the Desert {+Blink rN++}
                  | (Okawaru gifted it to you on level 4 of the Depths)
 29837 | Depths:4 | Received a gift from Okawaru
 29840 | Depths:4 | Found a transporter.
 29892 | Depths:4 | Found a transporter.
 30085 | Zot:1    | Entered Level 1 of the Realm of Zot
 30370 | Zot:1    | Reached skill level 24 in Shields
 30478 | Zot:1    | Reached XP level 27. HP: 225/233 MP: 38/38
 30648 | Zot:2    | Found a transporter.
 30660 | Zot:2    | Found a transporter.
 30959 | Zot:2    | Noticed an orb of fire
 30968 | Zot:2    | Gained mutation: Potions are less effective at restoring
                  | your health. [an orb of fire]
 30979 | Zot:2    | Killed an orb of fire
 31268 | Zot:2    | Found a transporter.
 31279 | Zot:2    | Found a transporter.
 31897 | Zot:3    | Received a gift from Okawaru
 32024 | Zot:3    | Identified the +4 ring mail of Card Tricks {rPois rCorr
                  | Str+3 Slay-4}
 32200 | Zot:4    | Reached skill level 25 in Shields
 32262 | Zot:4    | Identified the +2 scale mail of Arozanug {Will+ Stlth+}
                  | (Okawaru gifted it to you on level 4 of the Realm of Zot)
 32262 | Zot:4    | Received a gift from Okawaru
 32273 | Zot:4    | Noticed a Killer Klown
 32276 | Zot:4    | Noticed Grunn
 32291 | Zot:4    | Killed Grunn
 32315 | Zot:4    | Killed a Killer Klown
 32668 | Zot:4    | Identified the ring "Yxzykeh" {Fire Int-2 Slay+6 SInv
                  | Stlth+}
 33323 | D:6      | Fell from the grace of Okawaru
 33323 | D:6      | Became a worshipper of the Shining One
 33596 | Crypt:1  | Entered Level 1 of the Crypt
 33643 | Crypt:1  | Reached * piety under the Shining One
 33767 | Crypt:1  | Reached ** piety under the Shining One
 33839 | Crypt:1  | Reached *** piety under the Shining One
 34091 | Crypt:2  | Reached **** piety under the Shining One
 34096 | Crypt:3  | Entered Level 3 of the Crypt
 34414 | Crypt:3  | Reached ***** piety under the Shining One
 34434 | Crypt:3  | Reached skill level 26 in Shields
 34508 | Crypt:3  | Found a basalt altar of Yredelemnul.
 34516 | Crypt:3  | Found an ancient bone altar of Kikubaaqudgha.
 34573 | Crypt:3  | Identified the +8 chain mail of the Trees {Contam rPois
                  | Str-3 Dex+4}
 34581 | Crypt:3  | Identified the staff of Doom {rN+ Int+4 Necro}
 34749 | Crypt:3  | Found a staircase to the Tomb.
 34762 | Crypt:3  | Reached ****** piety under the Shining One
 34777 | Crypt:3  | Identified a +2 executioner's axe of holy wrath (a +0
                  | executioner's axe of flaming blessed by the Shining One)
 34777 | Crypt:3  | Received a gift from the Shining One
 34908 | Tomb:1   | Entered Level 1 of the Tomb of the Ancients
 34965 | Tomb:1   | Identified the +1 cloak "Feifeef" {Harm rElec rF- Str-4}
 35015 | Tomb:1   | Noticed a royal mummy
 35029 | Tomb:1   | HP: 10/242 [ushabti] (10)]
 35029 | Tomb:1   | Killed from afar by a royal mummy

Illustrated notes

Levels and vault maps discovered:
D:1:      dpeg_arrival_rhombus, layout_basic
D:2:      layout_loops_corners
D:3:      layout_loops_ring, marbit_many_paths
D:4:      layout_rooms, mainiacjoe_overflow_large_starburst, elyvilon_altar_5
D:5:      minmay_bubble_buster, layout_basic,
          minmay_temple_entry_drinking_statues
D:6:      layout_rooms, mainiacjoe_overflow_catch_the_wave,
          nicolae_tso_besieged_by_evil
D:7:      nzn_winding_woodlands_stair_cross [nzn_winding_woodlands_5x15_default,
          nzn_winding_woodlands_center_lodge,
          nzn_winding_woodlands_5x15_sawtooth, nzn_winding_woodlands_hourglass,
          nzn_winding_woodlands_5x5_perimeter, nzn_winding_woodlands_5x15_cabin,
          nzn_winding_woodlands_center_triple_pond,
          nzn_winding_woodlands_5x15_default], layout_layer_cave,
          enter_bailey_8, minivault_26, uniq_duvessa
D:8:      layout_basic, mainiacjoe_overflow_tiny_flanked
D:9:      layout_irregular_city, nicolae_gozag_seed_capital, orc_0_dummy,
          serial_shops, nicolae_inconvenience_store
D:10:     layout_small_grid, fedhas_altar_3
D:11:     lemuel_bear_cage, layout_basic, erik_lair_island, uniq_erolcha
D:12:     layout_basic
D:13:     layout_basic, nemelex_altar_shiori, uniq_josephine
D:14:     layout_irregular_city, david_vaults_4, grunt_qazlal_clouds,
          serial_shops, nicolae_lakefront_shop, water_boxes_lemuel
D:15:     gammafunk_enter_depths_forms, layout_irregular_city
Temple:   hellmonk_temple_forest_ring
Lair:1:   layout_hall_layers, ebering_ghost_disaster_area
Lair:2:   layout_loops_ring, spider_nest_entry_funnel_web, serial_rivers,
          chequers_serial_rivers_small_a, chequers_serial_rivers_micro_d,
          chequers_serial_rivers_small_3, chequers_serial_rivers_room_a,
          portal_ice_cave_entry_pillars_1
Lair:3:   layout_cave_pods, minmay_shoals_entry_centaurs
Lair:4:   layout_hall_layers, slime_entry_1
Lair:5:   gammafunk_lair_ancient_temple, layout_long_grid,
          ebering_ghost_inner_flame, lemuel_fruit_fields, serial_bayou_shore_b,
          serial_bayou_shore_b
Shoals:1: layout_shoals, nicolae_shoals_land_atoll
Shoals:2: layout_shoals, serial_shops, shop, shop, shop, nicolae_shop_vocational
Shoals:3: layout_shoals, serial_shops, shop
Shoals:4: shoals_end_simple, layout_shoals, nicolae_shoals_undead_eyrie,
          uniq_polyphemus
Spider:1: layout_spider_delve, ebering_ghost_rock_garden, drop_trap,
          hellmonk_motheaten_closet
Spider:2: layout_spider_delve
Spider:3: layout_spider_delve, spiders_nest_spider_trap, uniq_jorgrun, uniq_mara
Spider:4: guppyfry_spider_rune, nicolae_spider_shape
Slime:1:  nicolae_slime_pool, layout_caves
Slime:2:  layout_caves
Slime:3:  layout_caves
Slime:4:  layout_caves
Slime:5:  slime_pit_nicolae_royal_road_to_ruin
Orc:1:    layout_caves, uniq_gastronok, uniq_harold, uniq_erica
Orc:2:    grunt_orc_gardens, layout_diamond_mine, grunt_orc_garden,
          grunt_orc_garden, grunt_orc_garden, grunt_orc_garden, serial_shops,
          nicolae_diamond_shop, nicolae_shop_statue_plus,
          nicolae_shop_tiny_glass, uniq_nessos, uniq_donald
Vaults:1: v_misc_18, nicolae_vaults_ring_of_whatevers,
          dpeg_vaults_hating_casters, v_misc_5, nicolae_vaults_back_hallway,
          v_misc_4, nicolae_vaults_prndl, nicolae_vaults_diamond_2,
          nicolae_vaults_little_ls, grunt_vaults_focal, dpeg_vaults_monster_row,
          nicolae_vaults_storage_room_statues, nicolae_vaults_closet_pinwheel_6,
          nicolae_vaults_shelves_hall, nicolae_vaults_sightless_eye,
          layout_vaults_omnibox
Vaults:2: hangedman_vaults_snaps, st_greater_box_5, hangedman_vaults_nails,
          vaults_room_stairs_pillars, vaults_standard_mumra_lines, v_rooms_1,
          hangedman_vaults_stretched_pinwheel, hangedman_vaults_slither,
          nicolae_vaults_taking_the_gang_shopping, vaults_dpeg_ring,
          nicolae_vaults_variable_pillar_hall, layout_vaults_maze
Vaults:3: lightli_enter_wizlab_magi_temple, nicolae_vaults_network_periphery,
          grunt_vaults_hallway_short, nicolae_vaults_door_testing_chamber,
          hangedman_vaults_river_flow, vaults_dpeg_hooks,
          minmay_crypt_entry_skeletal_spiral, nicolae_vaults_little_squares_6,
          ontoclasm_vaults_claustrophobia, nicolae_vaults_variable_pillar_hall,
          nicolae_vaults_enemy_cabinets, layout_vaults_big_room, uniq_margery,
          uniq_bai_suzhen, uniq_asterion
Vaults:4: ontoclasm_vaults_gateway, nicolae_vaults_inception_scallops,
          ontoclasm_vaults_hangar, nicolae_vaults_tetromino_Z_2, v_misc_18,
          v_alt_pattern_2, nicolae_vaults_oval_intersection,
          hangedman_vaults_locks, nicolae_vaults_doubleplus_tesselated,
          grunt_vaults_hallway_short, vaults_dpeg_diagonal,
          nicolae_vaults_double_plus_3, layout_vaults_ring
Vaults:5
Crypt:1:  layout_rooms, grunt_megastairs_4
Crypt:2:  layout_catacombs, lemuel_elevator, lemuel_upstairs_altar
Crypt:3:  lightli_unholy_cathedral, layout_chaotic_city, corner_web_ring,
          nicolae_crypt_knee_deep_in_the_dead
Tomb:1
Depths:1: layout_honeycomb, pf_hell_entry_tar_spiral,
          nicolae_kikubaaqudgha_miasma_corner, hellmonk_scarab_ruin
Depths:2: dreamdust_under_siege, layout_cave_pools, grunt_metal_band, pan_entry,
          abyss_entry_crystal, minmay_misc_feat_cross,
          nicolae_wu_jian_immortal_techniques, infiniplex_staircase_river
Depths:3: cheibrodos_lost_city_excavation, layout_gridlike, serial_glass,
          glass_columns_c, glass_columns_b, glass_columns_a, glass_columns_b,
          glass_columns_c, glass_columns_c, due_unseen_surprise,
          feat_on_display, hell_entry, rand_demon_pan_entry_5,
          hangedman_abyss_entry_splay, cheibriados_altar_1
Depths:4: evilmike_zot_entry_round, layout_basic, enter_ziggurat_e,
          ashenzari_altar_1, trove_entry_hex_spiral, grunt_hell_entry_dis_mu,
          abyss_entry_flame_altar, serial_nicolae_subway,
          nicolae_sub_station_stone, nicolae_sub_station_metal,
          nicolae_sub_station_crystal
Zot:1:    layout_twisted_circle
Zot:2:    layout_basic, hangedman_zot_wheel_spokes,
          nicolae_transporter_intersection
Zot:3:    lemuel_acid_trip, layout_cathedral_of_symmetry, skrybe_zot_glass_2
Zot:4:    layout_twisted_circle, st_stairs_6, st_large_dragon_hoard_1,
          lemuel_elevator, uniq_grunn

Skill      XL: |  1  2  3  4  5  6  7  8  9 10 11 12 13 14 15 16 17 18 19 20 21 22 23 24 25 26 27 |
---------------+----------------------------------------------------------------------------------+-----
Fighting       | 4 5 6 7 9 10 11 12 13 14 15 16 17 18 20 21 22 23 25 | 25.2
Axes           | 3 4 5 6 7 9 10 11 12 13 14 15 16 17 18 19 21 22 23 24 | 24.7
Armour         | 4 5 6 7 9 10 11 12 13 14 15 16 17 18 20 21 22 23 25 | 25.2
Shields        | 5 6 7 9 10 12 13 14 15 16 17 18 19 20 22 24 26 | 26.3
Invocations    | 4 6 8 10 11 13 14 15 21 22 | 22.3

Action                     |  1- 3 |  4- 6 |  7- 9 | 10-12 | 13-15 | 16-18 | 19-21 | 22-24 | 25-27 || total
---------------------------+-------+-------+-------+-------+-------+-------+-------+-------+-------++-------
  Melee: War axe           |    80 |   128 |   220 |    51 |       |       |       |       |       ||   479
         Broad axe         |       |       |       |   315 |  1007 |   100 |       |   476 |   472 ||  2370
         Battleaxe         |       |       |       |    17 |       |  1187 |   983 |   672 |  1661 ||  4520
         Executioner's axe |       |       |       |       |     8 |       |       |       |    73 ||    81
  Throw: Throwing net      |       |       |       |       |       |       |       |       |     2 ||     2
 Invoke: Heroism           |       |       |     1 |     4 |     9 |    10 |     7 |    10 |     7 ||    48
         Finesse           |       |       |       |     2 |       |     3 |     4 |     5 |     6 ||    20
         Divine Shield     |       |       |       |       |       |       |       |       |     2 ||     2
         Cleansing Flame   |       |       |       |       |       |       |       |       |     2 ||     2
         Summon Divine War |       |       |       |       |       |       |       |       |     2 ||     2
         Brand Weapon With |       |       |       |       |       |       |       |       |     1 ||     1
Ability: Dig               |     1 |       |       |     2 |       |       |     4 |       |    19 ||    26
  Evoke: Wand              |       |     1 |    18 |    24 |     3 |     3 |       |       |       ||    49
    Use: Scroll            |       |     6 |     2 |     1 |     6 |     9 |     6 |     9 |    10 ||    49
         Potion            |       |       |     1 |     2 |     3 |     5 |       |     8 |     6 ||    25
   Stab: Paralysed         |       |       |    10 |    11 |     3 |       |       |       |       ||    24
         Invisible         |       |       |       |    17 |     6 |       |       |    17 |       ||    40
         Held in net/web   |       |       |       |       |     1 |     2 |       |       |     3 ||     6
 Armour: Chain mail        |    45 |    77 |       |       |       |       |       |       |       ||   122
         Plate armour      |       |     3 |   168 |   164 |    25 |       |       |       |       ||   360
         Crystal plate arm |       |       |       |       |   314 |   879 |   425 |   256 |       ||  1874
         Gold dragon scale |       |       |       |       |       |       |       |    63 |   657 ||   720
  Dodge: Dodged            |    33 |    58 |    80 |    95 |   129 |   329 |   165 |   123 |   265 ||  1277
         Repelled          |       |       |       |       |     1 |     5 |     1 |     9 |    16 ||    32
  Block: Buckler           |    25 |    47 |    65 |    94 |       |       |       |       |       ||   231
         Kite shield       |       |       |       |    44 |   661 |   585 |       |       |       ||  1290
         Reflection        |       |       |       |     1 |    18 |    28 |    81 |    30 |    52 ||   210
         Tower shield      |       |       |       |       |       |  1006 |  1257 |   924 |  2242 ||  5429

Table legend: (Time is in decaauts)
 A = Elapsed time spent in this place.
 B = Non-inter-level travel time spent in this place.
 C = Inter-level travel time spent in this place.
 D = Time resting spent in this place.
 E = Time spent auto-exploring this place.
 F = Levels seen in this place.
 G = Mean time per level.
                   A        B        C        D        E       F      G
               +--------+--------+--------+--------+--------+-----+--------+
         Total |  33084 |  29666 |   3418 |    185 |      0 |  59 |  560.7 |
       Dungeon |  10234 |   9060 |   1174 |      0 |      0 |  15 |  682.3 |
        Temple |     56 |     56 |      0 |      0 |      0 |   1 |   56.0 |
          Lair |   2764 |   2300 |    464 |      0 |      0 |   5 |  552.8 |
        Shoals |   1817 |   1663 |    154 |      0 |      0 |   4 |  454.2 |
   Spider Nest |   2708 |   2442 |    266 |      0 |      0 |   4 |  677.0 |
    Slime Pits |    784 |    694 |     90 |      0 |      0 |   5 |  156.8 |
  Orcish Mines |   1461 |   1367 |     94 |      0 |      0 |   2 |  730.5 |
        Vaults |   4571 |   3911 |    660 |      0 |      0 |   5 |  914.2 |
         Crypt |   1115 |   1085 |     30 |      0 |      0 |   3 |  371.7 |
          Tomb |    110 |    110 |      0 |      0 |      0 |   1 |  110.0 |
        Depths |   3310 |   2991 |    319 |      0 |      0 |   4 |  827.5 |
           Zot |   2574 |   2412 |    162 |      0 |      0 |   4 |  643.5 |
         Abyss |    635 |    635 |      0 |      0 |      0 |   4 |  158.8 |
        Bailey |    552 |    552 |      0 |    185 |      0 |   1 |  552.0 |
      Ice Cave |    388 |    388 |      0 |      0 |      0 |   1 |  388.0 |
               +--------+--------+--------+--------+--------+-----+--------+

Top non-repeatable levels by time:
Depths:4: 1188 daAuts
Vaults:2: 1088 daAuts
Vaults:3: 1020 daAuts
     D:7: 998 daAuts
Vaults:1: 978 daAuts
   Orc:2: 902 daAuts
    D:13: 900 daAuts
Spider:3: 854 daAuts
Spider:4: 812 daAuts
Vaults:4: 799 daAuts
Depths:1: 779 daAuts
     D:5: 775 daAuts
    D:11: 772 daAuts
Depths:2: 770 daAuts
     D:1: 747 daAuts
